Map: [ESL] Waterfall

Players

DPGherO (herO) - Winner!

  • Race: Protoss Protoss
  • Spawn Location: 1:00

Reynor

  • Race: Zerg Zerg
  • Spawn Location: 7:00

Event: TSL 9

VOD

Have the link to the VOD?

Description

Time

  • Played on: Aug. 7, 2022, 7:28 a.m.
  • Length: 11:23

All games in this series

Show
View Real Time Build Order
Export as new Build Order

DPGherO Protoss - Winner!

Build Orders: 1 Gate Expand, Oracle Opening 

Get SALT Encoding   

  12  0:00  Probe  
  13  0:12  Probe  
  14  0:17  Pylon  
  14  0:24  Probe (Chrono Boost)  
  15  0:36  Probe (Chrono Boost)  
  15  0:42  Gateway  
  16  0:43  Probe (Chrono Boost)  
  16  0:49  Assimilator  
  17  0:51  Probe  
  18  1:03  Probe  
  19  1:15  Probe  
  20  1:27  Nexus  
  20  1:36  Cybernetics Core  
  20  1:39  Probe  
  21  1:45  Assimilator  
  21  1:51  Probe  
  22  1:55  Pylon  
  22  2:03  Probe (Chrono Boost)  
  23  2:13  Adept  
  23  2:15  Probe (Chrono Boost)  
  26  2:17  Stargate  
  27  2:22  Probe (Chrono Boost)  
  27  2:25  Warp Gate  
  27  2:31  Probe (Chrono Boost)  
  28  2:39  Probe (Chrono Boost)  
  28  2:43  Stalker  
  32  2:47  Probe (Chrono Boost)  
  32  2:48  Probe (Chrono Boost)  
  33  2:53  Probe  
  33  2:54  Probe  
  35  2:59  Oracle (Chrono Boost)  
  35  3:05  Probe  
  39  3:06  Probe  
  39  3:10  Pylon  
  40  3:17  Probe  
  40  3:18  Probe  
  42  3:26  Oracle (Chrono Boost)  
  42  3:29  Probe  
  42  3:30  Probe  
  47  3:39  Nexus  
  47  3:43  Pylon  
  47  3:50  Twilight Council  
  47  4:01  Gateway  
  47  4:03  Gateway  
  47  4:05  Gateway  
  47  4:09  Gateway  
  47  4:13  Probe x2  
  47  4:15  Adept  
  51  4:20  Resonating Glaives (Chrono Boost)  
  51  4:22  Assimilator  
  51  4:25  Probe x2  
  51  4:29  Pylon  
  51  4:39  Probe x2  
  52  4:51  Probe x2  
  54  4:53  Adept, Assimilator  
  54  4:59  Robotics Facility  
  56  5:00  Adept x2  
  56  5:02  Adept  
  56  5:05  Probe x3  
  65  5:11  Forge  
  65  5:17  Probe x2  
  65  5:18  Probe  
  68  5:29  Probe x2  
  68  5:30  Probe  
  68  5:33  Adept x3  
  68  5:34  Adept  
  77  5:41  Probe x2  
  76  5:50  Probe  
  76  5:53  Probe x2  
  76  5:55  Adept x3  
  85  6:00  Pylon  
  85  6:01  Pylon  
  85  6:04  Protoss Ground Weapons Level 1 (Chrono Boost)  
  85  6:08  Blink  
  83  6:11  Probe x2  
  83  6:18  Shield Battery, Probe  
  85  6:19  Immortal (Chrono Boost)  
  87  6:26  Adept x4  
  87  6:29  Probe  
  87  6:30  Probe  
  87  6:31  Probe  
  86  6:47  Adept x4  
  86  6:49  Probe x3  
  97  6:55  Immortal (Chrono Boost)  
  97  6:58  Assimilator  
  97  6:59  Robotics Bay  
  97  7:00  Assimilator  
  101  7:02  Pylon  
  101  7:03  Pylon  
  101  7:05  Robotics Facility  
  101  7:18  Probe  
  101  7:20  Probe x2  
  96  7:25  Warp Prism (Chrono Boost)  
  96  7:27  Gateway  
  96  7:28  Gateway x2  
  96  7:30  Probe  
  96  7:32  Gateway  
  96  7:36  Stalker x3  
  103  7:39  Sentry  
  105  7:45  Nexus  
  105  7:53  Colossus (Chrono Boost)  
  105  7:55  Pylon  
  105  7:57  Colossus (Chrono Boost), Protoss Ground Weapons Level 2 (Chrono Boost)  
  111  8:03  Extended Thermal Lance (Chrono Boost)  
  117  8:06  Pylon  
  117  8:19  Shield Battery, Photon Cannon  
  117  8:20  Sentry x2  
  121  8:28  Photon Cannon  
  121  8:36  Colossus (Chrono Boost)  
  121  8:38  Probe x3  
  121  8:39  Gateway x2  
  121  8:41  Pylon  
  130  8:55  Charge (Chrono Boost)  
  130  8:59  Pylon x2  
  130  9:01  Sentry  
  130  9:02  Sentry, Stalker x2  
  144  9:03  Colossus (Chrono Boost)  
  144  9:05  Probe x4  
  148  9:15  Photon Cannon  
  148  9:17  Pylon  
  148  9:18  Observer (Chrono Boost)  
  149  9:25  Probe x4, Assimilator x2  
  149  9:28  Zealot x3  
  149  9:30  Templar Archives  
  159  9:37  Pylon  
  159  9:38  Pylon  
  159  9:53  Stalker x8  
  171  10:03  Warp Prism (Chrono Boost)  
  173  10:21  Stalker x10  
  193  10:32  Disruptor  
  184  10:54  Stalker x9  
  196  10:59  Pylon  
  196  11:00  Fleet Beacon  
Show
View Real Time Build Order
Export as new Build Order

Reynor Zerg 

Build Orders: Hatch First 

Get SALT Encoding   

  12  0:00  Drone  
  13  0:11  Overlord  
  13  0:16  Drone  
  14  0:30  Drone  
  14  0:31  Drone  
  16  0:43  Drone  
  17  0:51  Hatchery  
  17  0:56  Drone  
  17  0:59  Drone  
  18  1:10  Extractor  
  17  1:15  Spawning Pool  
  17  1:17  Drone  
  17  1:21  Drone  
  18  1:27  Drone  
  19  1:39  Drone  
  20  1:49  Overlord  
  20  2:02  Queen  
  20  2:03  Drone  
  20  2:04  Queen  
  20  2:05  Zergling x2  
  26  2:10  Zergling x2  
  26  2:12  Metabolic Boost  
  27  2:16  Drone  
  27  2:20  Drone  
  29  2:25  Drone  
  30  2:38  Hatchery  
  30  2:40  Drone  
  31  2:44  Drone x2  
  31  2:49  Overlord  
  32  2:55  Queen  
  32  2:58  Drone  
  35  3:00  Zergling x2  
  36  3:06  Queen  
  36  3:09  Drone  
  39  3:13  Overlord  
  39  3:16  Drone  
  39  3:17  Drone  
  39  3:18  Drone  
  42  3:21  Drone  
  42  3:23  Drone  
  44  3:32  Overlord  
  44  3:33  Drone  
  45  3:35  Queen  
  45  3:40  Drone  
  45  3:41  Evolution Chamber  
  47  3:49  Overlord  
  47  3:50  Drone  
  47  3:51  Queen  
  50  3:56  Drone x2  
  50  4:01  Drone x2  
  54  4:03  Spore Crawler  
  54  4:04  Drone x2  
  54  4:09  Spore Crawler  
  54  4:12  Drone, Zerg Melee Weapons Level 1  
  54  4:14  Drone  
  54  4:16  Drone  
  57  4:18  Drone  
  57  4:19  Drone  
  59  4:24  Overlord  
  59  4:25  Drone  
  59  4:26  Drone  
  59  4:27  Drone  
  61  4:34  Drone x3  
  61  4:35  Drone  
  61  4:38  Drone  
  61  4:45  Drone x2  
  61  4:46  Queen  
  61  4:49  Drone  
  61  4:50  Baneling Nest  
  64  4:52  Spore Crawler  
  64  4:53  Drone  
  64  4:54  Drone  
  64  4:59  Zergling x6  
  68  5:01  Drone x2  
  68  5:05  Lair  
  68  5:07  Drone  
  70  5:16  Zergling x6  
  69  5:22  Zergling x4  
  69  5:25  Drone x2  
  73  5:29  Spore Crawler  
  73  5:31  Spore Crawler, Hatchery, Overlord  
  73  5:32  Drone  
  73  5:33  Drone  
  72  5:37  Drone x2  
  72  5:38  Drone  
  72  5:39  Overlord  
  72  5:45  Overlord  
  72  5:46  Zergling x6  
  70  5:50  Zergling x4  
  70  5:56  Zergling x4  
  73  6:00  Drone x4  
  76  6:06  Drone x4  
  76  6:08  Drone  
  79  6:11  Drone, Extractor  
  79  6:13  Zergling x2  
  79  6:14  Baneling x3  
  79  6:18  Baneling x3  
  80  6:20  Zergling x6  
  80  6:23  Zergling x2  
  80  6:24  Baneling  
  79  6:28  Zergling x4  
  81  6:35  Zergling x6  
  80  6:43  Zergling x8  
  80  6:46  Zergling x6  
  81  6:48  Drone x4  
  81  6:50  Queen  
  81  6:53  Drone  
  88  6:55  Zergling x2  
  88  6:56  Zergling x2  
  88  6:58  Zergling x2  
  88  7:00  Drone, Overlord  
  92  7:05  Zergling x4  
  93  7:10  Baneling x2  
  91  7:17  Zergling x2  
  91  7:18  Zergling x6  
  91  7:20  Queen  
  91  7:22  Zergling x8  
  89  7:29  Zerg Melee Weapons Level 2  
  83  7:30  Drone x3  
  83  7:33  Zergling x8  
  83  7:35  Zergling x2  
  89  7:37  Zergling x4  
  89  7:42  Queen  
  93  7:45  Drone  
  93  7:48  Drone x2  
  93  7:49  Queen, Drone  
  93  7:51  Extractor  
  98  7:52  Roach Warren  
  98  7:55  Zergling x2  
  98  7:57  Baneling x2  
  98  7:58  Drone x2  
  98  7:59  Drone  
  98  8:00  Spore Crawler  
  100  8:05  Zergling x2  
  100  8:07  Baneling x3  
  100  8:08  Zergling x2  
  100  8:12  Overlord  
  102  8:13  Drone  
  102  8:16  Drone x3, Extractor  
  102  8:17  Drone  
  102  8:18  Queen  
  102  8:19  Extractor, Overlord  
  107  8:22  Overlord  
  107  8:26  Overlord  
  106  8:28  Zergling x8  
  106  8:33  Roach x3  
  115  8:37  Spine Crawler  
  115  8:39  Roach  
  116  8:43  Zergling x6, Roach x3  
  116  8:46  Roach x3  
  131  8:50  Glial Reconstitution, Overlord  
  131  8:52  Zergling x6  
  131  8:53  Zergling x2  
  131  8:54  Drone  
  134  8:58  Drone  
  135  9:03  Drone, Ravager x2  
  135  9:04  Drone x3  
  135  9:07  Drone  
  135  9:09  Zergling x4, Extractor  
  144  9:10  Hatchery  
  144  9:12  Centrifugal Hooks  
  144  9:14  Overlord  
  144  9:15  Zergling x2  
  144  9:16  Zergling x6  
  147  9:19  Overlord  
  147  9:20  Drone x3  
  150  9:26  Baneling  
  150  9:27  Zergling x2, Baneling x6  
  150  9:29  Overlord  
  151  9:32  Drone x3  
  151  9:34  Zergling x10  
  159  9:39  Ravager x2  
  159  9:42  Zergling x8, Roach  
  165  9:47  Overlord x3  
  165  9:50  Baneling x7  
  165  9:51  Baneling x2  
  165  9:56  Zergling x8  
  156  10:02  Zergling x2, Roach x5  
  156  10:03  Roach  
  156  10:04  Zergling x2  
  156  10:07  Roach x2  
  158  10:10  Zergling x2, Roach x2  
  163  10:15  Roach x3  
  163  10:18  Roach  
  163  10:20  Zergling x2  
  168  10:22  Roach x3  
  168  10:25  Overlord  
  170  10:29  Zergling x6  
  170  10:32  Overlord  
  172  10:39  Baneling x11  
  172  10:40  Overlord  
  169  10:46  Zergling x10  
  169  10:49  Zergling x4  
  151  10:52  Roach  
  151  10:55  Ravager  
  151  10:56  Baneling x5  
  148  11:00  Zergling x10  
  148  11:03  Zergling x8  
Tags
 
Add a new tag
Caveats
  • Supply blocks, unpowered buildings, or Contaminate may cause inaccurate times.
  • Supply counts are checked every 10 seconds.